 Dungeon Crawl Stone Soup version 0.22.1-6-g1668fe2c40 (webtiles) character file.

63 Kohma the Grave Robber (level 3, 0/26 HPs)
             Began as a Demonspawn Necromancer on Jan 20, 2019.
             Slain by a jackal (1 damage)
             ... on level 2 of the Dungeon.
             The game lasted 00:14:21 (2936 turns).

Kohma the Grave Robber (Demonspawn Necromancer)     Turns: 2936, Time: 00:14:21

Health: 0/26       AC:  9    Str:  8    XL:     3   Next: 87%
Magic:  1/6        EV:  8    Int: 17    God:
Gold:   90         SH:  0    Dex: 13    Spells: 4/6 levels left

rFire    . . .     SeeInvis .   f - +0 dagger
rCold    . . .     Gourm    .   (no shield)
rNeg     . . .     Faith    .   m - +0 scale mail
rPois    .         Spirit   .   (no helmet)
rElec    .         Reflect  .   (no cloak)
rCorr    .         Harm     .   n - +0 pair of gloves
MR       .....                  (no boots)
Stlth    ..........             (no amulet)
HPRegen  0.08/turn              (no ring)
MPRegen  0.10/turn              (no ring)

@: very slightly contaminated
A: yellow scales 1
a: no special abilities


You were on level 2 of the Dungeon.
You were not hungry.

You visited 1 branch of the dungeon, and saw 2 of its levels.

You collected 90 gold pieces.

Inventory:

Hand Weapons
 f - a +0 dagger (weapon)
 p - a +0 hunting sling
Missiles
 h - 72 stones (quivered)
Armour
 a - a +0 robe
 m - a +0 scale mail (worn)
 n - a +0 pair of gloves (worn)
Jewellery
 o - an uncursed amulet of the gourmand {unknown}
 q - an uncursed ring of see invisible {unknown}
Scrolls
 b - a scroll of teleportation {unknown}
 e - 4 scrolls of identify {unknown}
Potions
 d - a potion of agility {unknown}
 g - 2 potions of curing {unknown}
 i - a potion of brilliance {unknown}
 k - a potion of cancellation {unknown}
 l - a potion of lignification {unknown}
Comestibles
 c - a ration
 j - 5 chunks of flesh


   Skills:
 + Level 1.3 Fighting
 + Level 1.1 Short Blades
 - Level 1.7 Dodging
 - Level 1.7 Stealth
 + Level 2.4 Spellcasting
 * Level 5.1 Necromancy


You had 4 spell levels left.
You knew the following spells:

 Your Spells              Type           Power        Failure   Level  Hunger
a - Pain                  Necr           ###.         22%         1    #......
b - Animate Skeleton      Necr           N/A          22%         1    #......

Your spell library contained the following spells:

 Spells                   Type           Power        Failure   Level  Hunger
 Vampiric Draining        Necr           ###.......   56%         3    ###....
 Regeneration             Chrm/Necr      ##........   89%         3    ###....
 Animate Dead             Necr           N/A          92%         4    #####..


Dungeon Overview and Level Annotations

Branches:
Dungeon (2/15)

Altars:
Makhleb
Uskayaw
The Shining One

Annotations:
D:2 Terence


Innate Abilities, Weirdness & Mutations

You are partially covered in yellow scales. (AC +2)


Message History

The hobgoblin is moderately wounded.
The jackal bites you but does no damage.
The hobgoblin closely misses you.
You closely miss the hobgoblin.
The hobgoblin is moderately wounded.
The jackal bites you but does no damage.
The hobgoblin hits you.
* * * LOW HITPOINT WARNING * * *
The jackal barely misses you. The jackal bites you.
* * * LOW HITPOINT WARNING * * *
The jackal barely misses you. The jackal bites you.
* * * LOW HITPOINT WARNING * * *
The jackal bites you but does no damage.
The jackal barely misses you. The jackal bites you.
* * * LOW HITPOINT WARNING * * *
The jackal bites you.
You die...

.#.#..#.#..#.#..#.#
#.#
.'.'..#.#..'.'..#.#
#.
##.####.####.####.#.#
..................#.#
#################.#.#
#(......# ..
#......####.. #
#...._......
#.#...@.....##
#.#..hh.....#
#.....g⌠....#
##..........#
#.>...)....###
##...._......+
#.##.......##
###+###......#
#.....#....<.#


You could see 2 jackals and a hobgoblin.

Vanquished Creatures
  A dart slug (D:1)
  3 leopard geckos
  4 bats (D:2)
  3 giant cockroaches
  2 gnoll zombies (D:2)
  5 goblins
  2 hobgoblins (D:1)
  3 jackals (D:2)
  3 kobolds
  A quokka (D:2)
  2 frilled lizards (D:1)
  6 rats
35 creatures vanquished.

Vanquished Creatures (collateral kills)
  An adder (D:2)
  An ooze (D:2)
  A worm (D:2)
  A dart slug (D:2)
  A giant cockroach (D:2)
  2 goblins (D:2)
  A kobold (D:2)
  A quokka (D:2)
9 creatures vanquished.

Grand Total: 44 creatures vanquished

Notes
Turn   | Place    | Note
-------+----------+-------------------------------------------
     0 | D:1      | Kohma the Demonspawn Necromancer began the quest for the
                  | Orb.
     0 | D:1      | Reached XP level 1. HP: 13/13 MP: 3/3
   780 | D:1      | Gained mutation: You are partially covered in yellow
                  | scales. (AC +2) [demonic ancestry]
   780 | D:1      | Reached XP level 2. HP: 16/20 MP: 3/5
   987 | D:1      | Learned a level 1 spell: Animate Skeleton
  1746 | D:2      | Noticed Terence
  1773 | D:2      | Reached skill level 1 in Fighting
  2014 | D:2      | HP: 1/21 [Terence/falchion (4)]
  2141 | D:2      | HP: 1/21 [Terence/falchion (7)]
  2478 | D:2      | Reached XP level 3. HP: 26/26 MP: 4/6
  2655 | D:2      | Reached skill level 5 in Necromancy
  2665 | D:2      | Reached skill level 1 in Short Blades
  2803 | D:2      | Found a burning altar of Makhleb.
  2807 | D:2      | Found a glowing golden altar of the Shining One.
  2894 | D:2      | Found a hide-covered altar of Uskayaw.
  2936 | D:2      | HP: 1/26 [jackal (2)]
  2936 | D:2      | Slain by a jackal

Skill      XL: |  1  2  3 |
---------------+----------+-----
Fighting       | 1 |  1.3
Necromancy     | 5 |  5.1
Short Blades   | 1 |  1.1
Dodging        | |  1.7
Stealth        | |  1.7
Spellcasting   | |  2.4

Action                   || total
-------------------------++-------
Melee: Dagger            ||   177
       Unarmed           ||     4
 Cast: Pain              ||    33
       Animate Skeleton  ||     8
 Stab: Sleeping          ||     3
       Distracted        ||     1
  Eat: Chunk             ||     3
       Ration            ||     2
Armor: Robe              ||    44
       Scale mail        ||    55
Dodge: Dodged            ||   130
